cohdb
Replays
Latest Replays
All Replays
Popular Replays
Top Player Replays
Match Explorer
How It Works
Community
CoH3 Stats
Reddit
Sign in to upload your games and track your stats! →
Sign in with Steam
Match 27784389
Unlisted
Match 27784389
Overview
Messages
Build Orders
End
Construct Infanterie Kompanie
Grenadier Squad
Selects Breakthrough Battlegroup
Selects Breakthrough Battlegroup
Selects Assault Grenadiers
MG 42 Machine Gun Team
Grenadier Squad
Medical Station
GrW 34 Mortar Team
Construct Panzergrenadier Kompanie
Selects 2.5-tonne Cargo Truck
Selects Breakthrough
AI Takeover
Ringu
CaRrIc
=]DW[= Akkons_Erbe
Hero
Acer
·0-77ck·
iAinEng
Extrawood
0
0
Comments
sign in to comment!
No comments posted yet!